 Dungeon Crawl Stone Soup version 0.27-a0-824-gca8104f8d5 (webtiles) character file.

Game seed: 16162851882848354349

7030 DarkShadow the Cleaver (level 10, -6/90 HPs)
             Began as a Minotaur Fighter on Mar 30, 2021.
             Was an Initiate of Gozag.
             Mangled by celly00's ghost (15 damage)
             ... on level 10 of the Dungeon.
             The game lasted 00:31:02 (13540 turns).

DarkShadow the Cleaver (Minotaur Fighter)          Turns: 13540, Time: 00:31:04

Health: -6/90      AC: 12    Str: 21    XL:     10   Next: 82%
Magic:  9/9        EV: 12    Int:  3    God:    Gozag
Gold:   1275       SH: 15    Dex: 19    Spells: 9/9 levels left

rFire    . . .     SeeInvis +   p - +3 hand axe (vorpal)
rCold    + . .     Faith    .   c - +2 kite shield
rNeg     . . .     Spirit   .   b - +0 scale mail
rPois    .         Reflect  .   (helmet restricted)
rElec    .         Harm     .   u - +2 cloak
rCorr    .         Rampage  .   (no gloves)
Will     .....                  (no boots)
Stlth    +.........             (no amulet)
HPRegen  0.25/turn              n - ring of protection from cold
MPRegen  0.11/turn              s - +6 ring of dexterity

@: mighty
A: horns 2, retaliatory headbutt, see invisible, dopey 1
a: Renounce Religion, Potion Petition, Call Merchant, Bribe Branch


You were on level 10 of the Dungeon.
You worshipped Gozag.
Gozag was most pleased with you.
You visited 1 branch of the dungeon, and saw 10 of its levels.

You collected 1335 gold pieces.
You paid 60 gold pieces to Gozag.

Inventory:

Hand Weapons
 a - a +0 war axe
 p - a +3 vorpal hand axe (weapon)
Armour
 b - a +0 scale mail (worn)
 c - a +2 kite shield (worn)
 j - a +0 kite shield
 u - a +2 cloak (worn)
Jewellery
 n - a ring of protection from cold (left hand)
 s - a +6 ring of dexterity (right hand)
 x - a +6 ring of dexterity
Wands
 h - a wand of paralysis (13)
 w - a wand of polymorph (4)
Scrolls
 e - 2 scrolls of identify
 f - 3 scrolls of amnesia
 k - 3 scrolls of teleportation
 o - a scroll of blinking {unknown}
 v - a scroll of magic mapping
Potions
 g - 4 potions of curing
 i - 4 potions of cancellation
 l - a potion of magic
 m - a potion of attraction
 q - 3 potions of brilliance
 r - 2 potions of lignification
 t - a potion of degeneration


   Skills:
 + Level 8.5 Fighting
 + Level 11.3 Axes
 + Level 9.8 Armour
 + Level 4.8 Dodging
 + Level 2.1 Stealth
 + Level 10.2 Shields


You had 9 spell levels left.
You didn't know any spells.
Your spell library contained the following spells:

 Spells                   Type           Power      Damage    Failure   Level
 Corona                   Hex            0%         N/A       95%         1
 Ensorcelled Hibernation  Hex/Ice        0%         N/A       98%         2
 Confusing Touch          Hex            0%         N/A       100%        3
 Dazzling Flash           Conj/Hex       0%         N/A       100%        3
 Tukima's Dance           Hex            0%         N/A       100%        3


Dungeon Overview and Level Annotations

Branches:
Dungeon (10/15)            Temple (0/1) D:7            Lair (0/6) D:8
    Orc (0/2) D:10

Altars:
Ashenzari
Cheibriados
Gozag
Hepliaklqana
Kikubaaqudgha
Nemelex Xobeh
Sif Muna
Uskayaw
Wu Jian
Xom
Yredelemnul
Zin

Shops:
D:4 *   D:9 (

Annotations:
D:8 2 transporters
D:10 celly00's ghost, journeyman GrFi


Innate Abilities, Weirdness & Mutations

You have a pair of horns on your head.
You reflexively headbutt those who attack you in melee.
You have supernaturally acute eyesight. (SInv)
You are dopey. (Int -2)


Message History

You hit celly00's ghost.
Celly00's ghost is lightly damaged.
Celly00's ghost barely misses you.
You hit celly00's ghost but do no damage.
Celly00's ghost is lightly damaged.
You block celly00's ghost's attack.
You hit celly00's ghost but do no damage.
Celly00's ghost is lightly damaged.
You hit celly00's ghost.
You headbutt celly00's ghost, but do no damage.
Celly00's ghost is lightly damaged.
Celly00's ghost hits you!
* * * LOW HITPOINT WARNING * * *
You hit celly00's ghost but do no damage.
Your headbutt misses celly00's ghost.
Celly00's ghost is lightly damaged.
Celly00's ghost closely misses you.
You feel very mighty all of a sudden.
Celly00's ghost says, "Try not to bleed too much."
Celly00's ghost hits you!
* * * LOW HITPOINT WARNING * * *
You hit celly00's ghost.
You headbutt celly00's ghost, but do no damage.
Celly00's ghost is moderately damaged.
Celly00's ghost hits you.
* * * LOW HITPOINT WARNING * * *
You hit celly00's ghost but do no damage.
Celly00's ghost is moderately damaged.
You block celly00's ghost's attack.
You hit celly00's ghost.
Celly00's ghost is moderately damaged.
You block celly00's ghost's attack.
You hit celly00's ghost but do no damage.
You headbutt celly00's ghost.
Celly00's ghost is moderately damaged.
You closely miss celly00's ghost.
Celly00's ghost is moderately damaged.
Celly00's ghost hits you!
You die...
Your body crumbles into a pile of gold.

$ .## ...## # #... .### $
#..##...##. . #§§§##...........
... #§§§##...........
.....##§###........(..
.....§§W§§............ #######
.....§§@##............ ......#
###+######........8... ......#
......>......[...
......###############..........
......'.............#..........
......######..#####.##.........
......# #..##...............
...[..# #..##.##.##..#####..
......# #..## #.##.## .


You could see celly00's ghost.

Vanquished Creatures
  A tengu warrior (D:10)
  A gargoyle (D:7)
  Prince Ribbit (D:7)
  Grinder (D:5)
  5 yaks
  Eustachio (D:6)
  A wyvern (D:8)
  A steam dragon (D:9)
  Edmund (D:5)
  2 water moccasins
  Duvessa (D:7)
  An ice beast (D:6)
  6 orc warriors
  3 sky beasts
  A black bear (D:3)
  An ogre (D:6)
  2 necrophages
  2 centaurs
  3 phantoms
  5 bullfrogs
  A kobold brigand (D:7)
  A gnoll sergeant (D:8)
  A wyvern zombie (D:5)
  3 scorpions
  A wyvern skeleton (D:5)
  Dowan (D:7)
  A troll zombie (D:10)
  5 killer bees (D:6)
  A howler monkey (D:6)
  7 wights
  A centaur zombie (D:7)
  Crazy Yiuf (D:5)
  A gnoll shaman (D:8)
  8 orc priests
  2 iguanas
  A jelly (D:6)
  Jessica (D:2)
  2 centaur skeletons
  9 orc wizards
  3 ogre zombies (D:10)
  A howler monkey zombie (D:6)
  Robin (D:2)
  13 adders
  10 gnolls
  A white imp (D:7)
  An ufetubus (D:5)
  4 worms
  3 dart slugs
  41 orcs
  3 ball pythons (D:1)
  8 endoplasms
  2 giant cockroaches
  19 goblins
  14 hobgoblins
  3 jackals (D:3)
  5 kobolds
  2 quokkas
  4 bats
  2 frilled lizards (D:2)
  3 goblin skeletons (D:10)
  A goblin zombie (D:10)
  A hobgoblin zombie (D:10)
  2 orc skeletons (D:10)
  7 orc zombies (D:10)
  9 rats
251 creatures vanquished.

Vanquished Creatures (others)
  A fungus (D:8)
  6 plants (D:5)
7 creatures vanquished.

Grand Total: 258 creatures vanquished

Notes
Turn   | Place    | Note
-------+----------+-------------------------------------------
     0 | D:1      | DarkShadow the Minotaur Fighter began the quest for the
                  | Orb.
     0 | D:1      | Reached XP level 1. HP: 19/19 MP: 0/0
   319 | D:1      | Reached XP level 2. HP: 15/27 MP: 1/1
  1157 | D:2      | Reached XP level 3. HP: 19/33 MP: 2/2
  1449 | D:2      | Reached skill level 3 in Axes
  1450 | D:2      | Noticed Robin
  1460 | D:2      | Killed Robin
  1725 | D:2      | Reached XP level 4. HP: 40/40 MP: 3/3
  1806 | D:2      | Noticed Jessica
  1811 | D:2      | Killed Jessica
  1812 | D:2      | Reached skill level 4 in Axes
  2885 | D:3      | Noticed a black bear
  2896 | D:3      | Killed a black bear
  2897 | D:3      | Reached skill level 5 in Armour
  2897 | D:3      | Reached skill level 1 in Dodging
  2897 | D:3      | Reached XP level 5. HP: 40/47 MP: 4/4
  3074 | D:3      | Reached skill level 5 in Axes
  3119 | D:3      | Found a shimmering altar of Xom.
  3127 | D:3      | Found a shimmering altar of Xom.
  3127 | D:3      | Found a shimmering altar of Xom.
  3242 | D:3      | Found a faded altar of an unknown god.
  3245 | D:3      | Noticed a necrophage
  3263 | D:3      | Killed a necrophage
  3264 | D:3      | Reached XP level 6. HP: 44/53 MP: 5/5
  3525 | D:3      | Found a shimmering altar of Xom.
  3965 | D:4      | Noticed a sky beast
  3991 | D:3      | Killed a sky beast
  4398 | D:4      | Noticed a water moccasin
  4410 | D:4      | Killed a water moccasin
  4411 | D:4      | Reached skill level 6 in Axes
  4411 | D:4      | Reached skill level 5 in Shields
  4411 | D:4      | Reached XP level 7. HP: 37/60 MP: 6/6
  4691 | D:4      | Found Sym Neask's General Store.
  4911 | D:4      | Reached skill level 1 in Stealth
  5231 | D:4      | Found a hide-covered altar of Uskayaw.
  5418 | D:5      | Entered Level 5 of the Dungeon
  5478 | D:5      | Noticed Edmund
  5490 | D:5      | Killed Edmund
  5663 | D:5      | Reached skill level 5 in Fighting
  5663 | D:5      | Reached skill level 7 in Axes
  5747 | D:5      | Reached XP level 8. HP: 38/68 MP: 7/7
  5931 | D:5      | Found a runed translucent door.
  5932 | D:5      | Noticed Crazy Yiuf
  6088 | D:5      | Noticed Grinder
  6107 | D:5      | Killed Grinder
  6191 | D:5      | Found an ancient bone altar of Kikubaaqudgha.
  6399 | D:5      | Found an opulent altar of Gozag.
  6579 | D:5      | Became a worshipper of Gozag Ym Sagoz the Greedy
  6702 | D:5      | Killed Crazy Yiuf
  6912 | D:6      | Reached skill level 8 in Axes
  7087 | D:6      | Reached XP level 9. HP: 40/75 MP: 8/8
  7402 | D:6      | Noticed Eustachio
  7411 | D:6      | Killed Eustachio
  7484 | D:6      | Reached skill level 9 in Axes
  7515 | D:6      | Found a sparkling altar of Nemelex Xobeh.
  7565 | D:6      | Found a hide-covered altar of Uskayaw.
  8129 | D:7      | Paralysed by a kobold brigand for 3 turns
  8131 | D:7      | Noticed a gargoyle
  8133 | D:7      | Found a hazy altar of Hepliaklqana.
  8134 | D:7      | Found a faded altar of an unknown god.
  8151 | D:7      | Killed a gargoyle
  8574 | D:7      | Noticed Duvessa
  8631 | D:7      | Noticed Dowan
  8642 | D:7      | Killed Dowan
  8659 | D:7      | Killed Duvessa
  9080 | D:7      | Reached skill level 10 in Axes
  9390 | D:7      | Noticed Prince Ribbit
  9426 | D:7      | Killed Prince Ribbit
  9427 | D:7      | Reached XP level 10. HP: 40/88 MP: 9/9
  9708 | D:7      | Found a staircase to the Ecumenical Temple.
 10177 | D:8      | Noticed a cyan ugly thing
 10178 | D:8      | Noticed a white ugly thing
 10180 | D:8      | Found a transporter.
 10182 | D:8      | Noticed a centaur warrior
 10218 | D:8      | Found a transporter.
 10232 | D:8      | Found a basalt altar of Yredelemnul.
 10397 | D:8      | Found a staircase to the Lair.
 10879 | D:8      | Found a snail-covered altar of Cheibriados.
 11188 | D:9      | Found a glowing silver altar of Zin.
 11188 | D:9      | Found a broken altar of Ashenzari.
 11191 | D:9      | Found an ornate altar of the Wu Jian Council.
 11343 | D:9      | Found a shimmering blue altar of Sif Muna.
 12403 | D:9      | Found Asudapal's Antique Weapon Emporium.
 12666 | D:10     | Entered Level 10 of the Dungeon
 12690 | D:10     | Reached skill level 11 in Axes
 13058 | D:10     | Reached skill level 10 in Shields
 13093 | D:10     | Found a staircase to the Orcish Mines.
 13433 | D:10     | Gained mutation: You are dopey. (Int -2) [potion of
                  | mutation]
 13433 | D:10     | Gained mutation: You have supernaturally acute eyesight.
                  | (SInv) [potion of mutation]
 13492 | D:10     | Found a runed translucent door.
 13495 | D:10     | Noticed a tengu warrior
 13499 | D:10     | Noticed celly00's ghost (journeyman GrFi)
 13515 | D:10     | Killed a tengu warrior
 13540 | D:10     | Mangled by celly00's ghost

Illustrated notes

Levels and vault maps discovered:
D:1:      minmay_arrival_stone_box, layout_loops_cross, grunt_decor_cap,
          minmay_misc_feat_roman, chequers_serial_rivers_large_a
D:2:      layout_basic, uniq_robin, uniq_jessica
D:3:      kennysheep_goblin_castle, layout_basic, xom_redecorated,
          chequers_ecumenical_altar_simple_redux
D:4:      layout_basic, serial_shops, shop, lemuel_tele_altar
D:5:      layout_basic, nicolae_kikubaaqudgha_miasma_corner, marbit_many_paths,
          serial_bayou, serial_bayou_pond_e, serial_bayou_pond_a,
          serial_bayou_shore_b, serial_bayou_lake_a, uniq_crazy_yiuf_cottage,
          uniq_grinder, uniq_edmund
D:6:      layout_loops_ring, eat_drink_and_be_merry_uskayaw,
          nicolae_overflow_hidden_temple, uniq_eustachio
D:7:      layout_loops_cross, beargit_hepliaklqana_dungeon_heroes,
          minmay_temple_entry_drinking_statues, uniq_prince_ribbit1,
          uniq_duvessa
D:8:      layout_loops_ring, cheibriados_altar_1,
          gammafunk_temple_overflow_arena, grunt_lair_entry_orc_guard_hut
D:9:      layout_basic, grunt_temple_overflow_open, basic_altar,
          kennysheep_diamond
D:10:     layout_basic, zombieorc2_lemuel, ebering_ghost_inner_flame,
          minivault_16, grunt_livestock, nrook_loot_triangle

Skill      XL: |  1  2  3  4  5  6  7  8  9 10 |
---------------+-------------------------------+-----
Armour         | 4 5 6 7 8 9 |  9.8
Fighting       | 4 5 6 7 8 |  8.5
Axes           | 3 4 5 6 7 8 10 11 | 11.3
Shields        | 4 5 7 8 10 | 10.2
Dodging        | 1 2 3 4 |  4.8
Stealth        | 1 2 |  2.1

Action                   |  1- 3 |  4- 6 |  7- 9 | 10-12 || total
-------------------------+-------+-------+-------+-------++-------
Melee: War axe           |    74 |   144 |    19 |       ||   237
       Headbutt          |    16 |    18 |    86 |    86 ||   206
       Hand axe          |       |       |   295 |   280 ||   575
  Use: Scroll            |     5 |     1 |     8 |     7 ||    21
       Potion            |       |       |     1 |     6 ||     7
 Stab: Distracted        |       |       |     2 |       ||     2
Armor: Scale mail        |    31 |    88 |    82 |    51 ||   252
Dodge: Dodged            |    17 |    58 |    79 |    58 ||   212
Block: Kite shield       |    37 |    92 |   196 |   135 ||   460

Table legend: (Time is in decaauts)
 A = Elapsed time spent in this place.
 B = Non-inter-level travel time spent in this place.
 C = Inter-level travel time spent in this place.
 D = Time resting spent in this place.
 E = Time spent auto-exploring this place.
 F = Levels seen in this place.
 G = Mean time per level.
                   A        B        C        D        E       F      G
               +--------+--------+--------+--------+--------+-----+--------+
         Total |  13666 |  13533 |    133 |   4592 |   5918 |  10 | 1366.6 |
       Dungeon |  13666 |  13533 |    133 |   4592 |   5918 |  10 | 1366.6 |
               +--------+--------+--------+--------+--------+-----+--------+

Top non-repeatable levels by time:
     D:7: 2017 daAuts
     D:3: 1874 daAuts
     D:9: 1483 daAuts
     D:2: 1398 daAuts
     D:5: 1361 daAuts
     D:8: 1343 daAuts
     D:4: 1153 daAuts
     D:1: 1122 daAuts
     D:6: 1057 daAuts
    D:10: 852 daAuts
